 Dungeon Crawl Stone Soup version 0.29.1-14-g9c671dbff4 (webtiles) character file.

Game seed: 162672628411766030

55 Thatpatchoflichen the Trooper (level 3, 0/29 HPs)
             Began as a Demonspawn Fighter on Feb 13, 2023.
             Killed from afar by Sigmund (9 damage)
             ... with a magic dart
             ... on level 2 of the Dungeon.
             The game lasted 00:02:21 (1572 turns).

Thatpatchoflichen the Trooper (Demonspawn Fighter)  Turns: 1572, Time: 00:02:22

Health: 0/29       AC: 12    Str: 16    XL:     3   Next: 67%
Magic:  3/3        EV:  9    Int:  9    God:
Gold:   59         SH:  5    Dex: 14    Spells: 2/2 levels left

rFire   . . .      SeeInvis .   a - +0 long sword
rCold   . . .      Faith    .   c - +0 buckler
rNeg    . . .      Spirit   .   b - +0 scale mail
rPois   .          Reflect  .   (no helmet)
rElec   .          Harm     .   (no cloak)
rCorr   .          Rampage  .   (no gloves)
Will    .....                   (no boots)
Stlth   ..........              (no amulet)
HPRegen 0.09/turn               (no ring)
MPRegen 0.08/turn               (no ring)

@: sanguine armoured
A: powered by death 1, sanguine armour 1
a: no special abilities


You were on level 2 of the Dungeon.
You visited 1 branch of the dungeon, and saw 2 of its levels.

You collected 59 gold pieces.

Inventory:

Hand Weapons
 a - a +0 long sword (weapon)
Missiles
 k - 2 atropa-tipped darts (quivered)
Armour
 b - a +0 scale mail (worn)
 c - a +0 buckler (worn)
Scrolls
 e - a scroll of identify {unknown}
 f - a scroll of teleportation {unknown}
 i - a scroll of summoning {unknown}
 l - a scroll of vulnerability {unknown}
 m - a scroll of poison {unknown}
 n - a scroll of acquirement {unknown}
Potions
 d - a potion of might
 g - a potion of degeneration {unknown}
 h - 2 potions of berserk rage {unknown}
 j - 2 potions of curing {unknown}


   Skills:
 + Level 3.3 Fighting
 + Level 2.2 Long Blades
 + Level 3.1 Armour
 + Level 1.1 Dodging
 + Level 3.0 Shields


You had 2 spell levels left.
You didn't know any spells.
Your spell library was empty.

Dungeon Overview and Level Annotations

Branches:
Dungeon (2/15)

Altars:
Cheibriados

Annotations:
D:2 Sigmund


Innate Abilities, Weirdness & Mutations

You regenerate a little health from kills.
When seriously injured, your blood forms armour. (AC +6)


Message History

You block the bat's attack. The bat hits you but does no damage.
You block the bat's attack. The bat hits you but does no damage.
The bat hits you but does no damage.
You hit the bat.
You kill the bat!
A goblin comes into view. It is wielding a +0 mace.
The goblin shouts!
You block the goblin's attack.
You closely miss the goblin. The goblin closely misses you.
You hit the goblin.
The goblin is almost dead.
You block the goblin's attack. The goblin hits you with a +0 mace.
You barely miss the goblin.
The goblin is almost dead.
The goblin barely misses you.
You slash the goblin!
You kill the goblin!
n - a scroll labelled QUAMNE ECUB
Things that are here:
a +0 mace; a goblin corpse Sigmund is nearby!
Sigmund shouts!
Things that are here:
a +0 dagger; a +0 sling; a goblin corpse Sigmund points at you and mumbles some strange words.
You are confused.
Sigmund mumbles some strange words.
Sigmund flickers and vanishes!
Deactivating autopickup; reactivate with Ctrl-A.
You're too confused to move!
You feel less confused.
A magic dart appears from out of thin air!
The magic dart hits you!
Your blood congeals into armour.
A puff of flame appears from out of thin air!
The puff of flame hits you!
A magic dart appears from out of thin air!
The magic dart hits you!
You die...

....<##.### #..#
#.##......# #†##
#..#.#.### #)#
##S#.....###.#
#.......##..#
.#..<..##.##
.#.....#..#
##.......######
######....@..#
#..####.### #..##
#...## #.. ###{.# #..
##.# ....##.. ### ###
###.# ..#....#
##8###⌠###8#.#
#....#.###............#
.......##8............#


There were no monsters in sight!

Vanquished Creatures
  Jessica (D:2)
  5 endoplasms (D:1)
  A giant cockroach (D:1)
  5 goblins
  3 hobgoblins (D:1)
  3 kobolds
  A quokka (D:1)
  2 ball pythons
  4 bats
  2 frilled lizards
27 creatures vanquished.

Notes
Turn   | Place    | Note
-------+----------+-------------------------------------------
     0 | D:1      | Thatpatchoflichen the Demonspawn Fighter began the quest
                  | for the Orb.
     0 | D:1      | Reached XP level 1. HP: 18/18 MP: 1/1
   379 | D:1      | Gained mutation: When seriously injured, your blood forms
                  | armour. (AC +6) [demonic ancestry]
   379 | D:1      | Reached XP level 2. HP: 4/24 MP: 2/2
  1047 | D:2      | Noticed Sigmund
  1050 | D:2      | Noticed Jessica
  1173 | D:2      | Killed Jessica
  1174 | D:2      | Reached skill level 1 in Dodging
  1174 | D:2      | Gained mutation: You regenerate a little health from kills.
                  | [demonic ancestry]
  1174 | D:2      | Reached XP level 3. HP: 17/29 MP: 3/3
  1380 | D:2      | Found a snail-covered altar of Cheibriados.
  1572 | D:2      | Killed from afar by Sigmund

Illustrated notes

Levels and vault maps discovered:
D:1:      lightli_arrival_noodles, layout_rooms, minivault_14
D:2:      layout_rooms, serial_corexii_hall, corexii_hall_statues_u,
          corexii_hall_statues_l, basic_altar, serial_bayou_pond_e,
          amethyst_killhole, minmay_circle_x, uniq_sigmund, uniq_jessica

Skill      XL: |  1  2 |
---------------+-------+-----
Long Blades    | 2 |  2.2
Armour         | 3 |  3.1
Dodging        | 1 |  1.1
Shields        | 3 |  3.0
Fighting       | |  3.3

Action                   || total
-------------------------++-------
Melee: Long sword        ||    80
Armor: Scale mail        ||    46
Dodge: Dodged            ||    40
Block: Buckler           ||    25
